cohdb
Replays
Latest Replays
All Replays
Popular Replays
Top Player Replays
Match Explorer
How It Works
Community
CoH3 Stats
Reddit
Sign in to upload your games and track your stats! →
Sign in with Steam
Match 41717356
Unlisted
Match 41717356
Overview
Messages
Build Orders
End
Kradschützen Motorcycle Team
Panzergrenadier Squad
Selects Panzerjäger Kommand Battlegroup
Selects Mine Fields
250 Light Carrier
Construct Light Support Kompanie
Combat Half-tracks
Fire Support Elements
Selects Defensive Positions
Flakvierling Half-track
Vehicle Survival Package
2.5-tonne Medical Truck
Pak 38 Mechanized Group
Veteran Squad Leaders
Selects Butterfly Bomb Drop
MG34 Team
Construct Panzerarmee Kommand
Forward Retreat Point
Panzer III L Medium Tank
Selects Tank Busters
Selects Crew Shock Tactics
Armored Reserves
Rapid Advance
Emergency Repair Kits
Tiger Heavy Tank
Panzergrenadier Squad
Assault Grenadier Squad
Selects Elefant Tank Destroyer
|Fury| Ry
和谐战争@
Rogue
Unsafe
DexN
Hummel
WaterBoy
thecolonel90
0
0
Comments
sign in to comment!
No comments posted yet!